 Dungeon Crawl Stone Soup version 0.30.1-9-gdf580d7c3d (webtiles) character file.

Game seed: 4435269768926836235

112 KittyFluff the Trooper (level 4, 0/43 HPs)
             Began as a Gargoyle Berserker on Oct 15, 2023.
             Was a Believer of Trog.
             Slain by Natasha (4 damage)
             ... on level 2 of the Dungeon.
             The game lasted 00:09:25 (1936 turns).

KittyFluff the Trooper (Gargoyle Berserker)         Turns: 1936, Time: 00:09:25

Health: 0/43       AC:  8    Str: 22    XL:     4   Next: 95%
Magic:  4/4        EV: 12    Int:  8    God:    Trog [**....]
Gold:   186        SH:  0    Dex:  9    Spells: 3/3 levels left

rFire   . . .        a - +0 mace
rCold   . . .        (no shield)
rNeg    + . .        l - +0 leather armour
rPois   ∞            (no helmet)
rElec   +            (no cloak)
rCorr   .            (no gloves)
SInv    .            p - +0 pair of boots
Will    .....        (no amulet) Stlth
                     (no ring)
HPRegen 0.27/turn    (no ring)
MPRegen 0.09/turn

%: no passive effects
@: berserking, slowed
A: sickness immunity, AC +3, negative energy resistance 1, electricity
resistance, torment resistance 1, petrification resistance
a: Renounce Religion, Berserk, Trog's Hand


You were on level 2 of the Dungeon.
You worshipped Trog.
Trog was pleased with you.
You visited 1 branch of the dungeon, and saw 3 of its levels.

You collected 186 gold pieces.

Inventory:

Hand Weapons
 a - a +0 mace (weapon)
 g - a +0 sling
 m - a +0 heavy sling
Missiles
 n - 2 poisoned darts (quivered)
Armour
 l - a +0 leather armour (worn)
 p - a +0 pair of boots (worn)
Scrolls
 c - a scroll of fear {unknown}
 f - 3 scrolls of identify {unknown}
 h - a scroll of immolation {unknown}
 i - 2 scrolls of teleportation {unknown}
 k - 2 scrolls of vulnerability {unknown}
 q - a scroll of amnesia {unknown}
Potions
 b - a potion of heal wounds {unknown}
 d - 2 potions of haste
 e - 3 potions of lignification {unknown}
 j - a potion of curing {unknown}
 o - a potion of magic {unknown}


   Skills:
 + Level 4.1 Fighting
 + Level 3.7 Maces & Flails
 + Level 3.2 Armour
 + Level 2.4 Dodging


You had 3 spell levels left.
You didn't know any spells.
Your spell library was empty.

Dungeon Overview and Level Annotations

Branches:
Dungeon (3/15)

Altars:

Shops:
D:2 (

Annotations:
D:2 Natasha


Innate Abilities, Weirdness & Mutations

You are immune to sickness and miasma.
Your stone body is resilient. (AC +3)
You are immune to poison.
You resist negative energy. (rN+)
You are resistant to electric shocks. (rElec)
You are resistant to unholy torment.
You are immune to petrification.


Message History

Found a dented cabochon amulet.
Natasha, Servant of Life and Death comes into view.
She is carrying a wand of roots (13).
Natasha drinks a potion.
Natasha seems to speed up.
You see here a scroll labelled DOEQOA ELIQITE.
f - 3 scrolls labelled DOEQOA ELIQITE (gained 1) Natasha zaps a wand.
The roots erupt in riotous growth!
The grasping roots grab you! The grasping roots constrict you.
You hear an angry hiss.
You escape the roots grasp.
Natasha zaps a wand.
The roots erupt in riotous growth!
The grasping roots grab you! The grasping roots constrict you.
Natasha stares at you and mumbles some strange words.
The magic dart hits you. The grasping roots constrict you.
A ball python comes into view.
You escape the roots grasp.
Natasha zaps a wand.
The roots erupt in riotous growth!
The grasping roots grab you!
Natasha is unaffected.
The grasping roots constrict you.
You barely miss Natasha.
Natasha stares at you and mumbles some strange words.
You feel yourself slow down. The grasping roots constrict you.
Natasha casts a spell.
The grasping roots constrict you.
You closely miss Natasha. Natasha barely misses you.
The grasping roots constrict you. Natasha claws you.
* * * LOW HITPOINT WARNING * * *
The grasping roots constrict you.
* * * LOW HITPOINT WARNING * * *
Natasha barely misses you. The grasping roots constrict you.
* * * LOW HITPOINT WARNING * * *
The grasping roots release their grip on you.
A red film seems to cover your vision as you go berserk!
You feel yourself moving faster!
You feel mighty!
Natasha growls.
Natasha claws you but does no damage.
Natasha casts a spell.
You barely miss Natasha. Natasha claws you.
You die...

#### ..... .
....###########
... ....#...#..".
#...##5.........
#..5Sh@..........
.....###..........
... ##...##... .
##.....#.##
#.†...)..#
#...∩...##
##.......#
#.#..†..#####
#.##...###..


You could see Natasha (fast), 2 cerulean imps and a ball python.

Vanquished Creatures
  Jessica (D:2)
  Natasha (D:2)
  2 adders
  2 worms (D:2)
  4 ball pythons (D:2)
  3 bats
  2 endoplasms
  2 giant cockroaches
  3 goblins
  4 kobolds
  3 quokkas
  5 frilled lizards
  12 rats
44 creatures vanquished.

Notes
Turn   | Place    | Note
-------+----------+-------------------------------------------
     0 | D:1      | KittyFluff the Gargoyle Berserker began the quest for the
                  | Orb.
     0 | D:1      | Reached XP level 1. HP: 14/14 MP: 1/1
   324 | D:1      | Reached XP level 2. HP: 18/19 MP: 2/2
  1037 | D:2      | Noticed Natasha
  1047 | D:2      | Killed Natasha
  1047 | D:2      | Reached ** piety under Trog
  1048 | D:2      | Reached XP level 3. HP: 23/24 MP: 3/3
  1311 | D:2      | Reached XP level 4. HP: 26/29 MP: 4/4
  1780 | D:2      | Noticed Jessica
  1797 | D:2      | Killed Jessica
  1798 | D:2      | Reached skill level 4 in Fighting
  1865 | D:2      | Found Gikkuega's Weapon Shop.
  1928 | D:2      | Noticed Natasha
  1936 | D:2      | Slain by Natasha

Illustrated notes

Levels and vault maps discovered:
D:1:      spicycebolla_green_bress_n_ham, layout_loops_corners,
          minmay_rat_gold_closets
D:2:      cheibrodos_old_hovel, layout_basic, serial_shops,
          nicolae_shop_bloodbath_and_beyond, grunt_ministairs_6, uniq_natasha,
          uniq_jessica
D:3:      layout_basic, serial_shops, shop, hellmonk_ecumenical_altar_zigzags,
          chequers_big_river, patterned_corridor, uniq_grinder, uniq_ijyb,
          uniq_sigmund, uniq_terence

Skill      XL: |  1  2  3  4 |
---------------+-------------+-----
Dodging        | 2 |  2.4
Armour         | 3 |  3.2
Fighting       | 4 |  4.1
Maces & Flails | |  3.7

Action                     |  1- 3 |  4- 6 || total
---------------------------+-------+-------++-------
  Melee: Mace              |    77 |    47 ||   124
 Invoke: Berserk           |       |     1 ||     1
   Stab: Sleeping          |     2 |       ||     2
 Armour: Animal skin       |    30 |       ||    30
         Leather armour    |       |    18 ||    18
  Dodge: Dodged            |    55 |    29 ||    84
